 Dungeon Crawl Stone Soup version 0.26-a0-597-gb535b0901c (webtiles) character file.

Game seed: 3796048080103810003

9 Alarkh the Skirmisher (level 2, 23/24 HPs)
             Began as a Demonspawn Fighter on Sept 6, 2020.
             Got out of the dungeon alive.
             The game lasted 00:00:14 (259 turns).

Alarkh the Skirmisher (Demonspawn Fighter)           Turns: 259, Time: 00:00:15

Health: 23/24      AC:  8    Str: 16    XL:     2   Next: 6%
Magic:  2/2        EV:  6    Int:  9    God:
Gold:   7          SH:  9    Dex: 18    Spells: 1/1 levels left

rFire    . . .     SeeInvis .     - Unarmed
rCold    . . .     Faith    .   b - +0 kite shield
rNeg     . . .     Spirit   .   a - +0 scale mail
rPois    .         Reflect  .   (no helmet)
rElec    .         Harm     .   (no cloak)
rCorr    .                      (no gloves)
MR       .....                  (no boots)
Stlth    ..........             (no amulet)
HPRegen  0.08/turn              d - +6 ring of dexterity (curse)
MPRegen  0.08/turn              (no ring)

@: no status effects
A: icy blue scales 1
a: no special abilities


You escaped.
You visited 1 branch of the dungeon, and saw 1 of its levels.

You collected 7 gold pieces.

Inventory:

Armour
 a - a +0 scale mail (worn)
 b - a +0 kite shield (worn)
Jewellery
 d - a cursed +6 ring of dexterity (left hand)
Potions
 c - a potion of might
 e - a potion of invisibility {unknown}


   Skills:
 + Level 3.1 Fighting
 - Level 2.6 Armour
 + Level 2.8 Shields
 * Level 2.2 Unarmed Combat


You had one spell level left.
You didn't know any spells.
Your spell library was empty.

Dungeon Overview and Level Annotations

Branches:
Dungeon (1/15)

Altars:


Innate Abilities, Weirdness & Mutations

You are partially covered in icy blue scales. (AC +2)


Message History

You kill the kobold!
You have reached level 2!
Your demonic ancestry asserts itself...
Icy blue scales grow over part of your body.
A rat comes into view.
A rat is nearby!
A rat is nearby!
The rat bites you but does no damage.
You hit the rat but do no damage. The rat barely misses you.
You hit the rat.
You kill the rat!
No target in view!
No target in view!
No target in view!
No target in view!
No target in view!
No target in view!
There is a staircase leading out of the dungeon here.
Are you sure you want to leave the Dungeon?
This will make you lose the game!
You have escaped!

#...##.#....# #.#### #...
##.###.####.## ###.########.
#.# #.####... #.......# #.
#.###......#.###.#####.# #.
##...##.................. ..
###....[....#####...##.....
##.#.##.##..#.....#....#....
##.#..##.#..#.......#.......#
#.###..)...#....@....#..#####
##.#..####..#.......#...#
#....####...#.....#..#.#
#............#####.....#
#...#####.##..... .#.## #####
#.######. ...# #.# ##. #.# .#
#..


There were no monsters in sight!

Vanquished Creatures
  A goblin (D:1)
  A hobgoblin (D:1)
  2 jackals (D:1)
  A kobold (D:1)
  A bat (D:1)
  2 frilled lizards (D:1)
  A rat (D:1)
9 creatures vanquished.

Notes
Turn   | Place    | Note
-------+----------+-------------------------------------------
     0 | D:1      | Alarkh the Demonspawn Fighter began the quest for the Orb.
     0 | D:1      | Reached XP level 1. HP: 18/18 MP: 1/1
   216 | D:1      | Gained mutation: You are partially covered in icy blue
                  | scales. (AC +2) [demonic ancestry]
   216 | D:1      | Reached XP level 2. HP: 20/24 MP: 2/2
   259 | D:$      | Got out of the dungeon alive.

Illustrated notes

Levels and vault maps discovered:
D:1:      scummos_arrival_hexagon, layout_loops_cross

Skill      XL: |  1 |
---------------+----+-----
Unarmed Combat | 2 |  2.2
Fighting       | |  3.1
Armour         | |  2.6
Shields        | |  2.8

Action                   || total
-------------------------++-------
Melee: Unarmed           ||    39
Armor: Scale mail        ||    17
Dodge: Dodged            ||    14
Block: Kite shield       ||    15

Table legend: (Time is in decaauts)
 A = Elapsed time spent in this place.
 B = Non-inter-level travel time spent in this place.
 C = Inter-level travel time spent in this place.
 D = Time resting spent in this place.
 E = Time spent auto-exploring this place.
 F = Levels seen in this place.
 G = Mean time per level.
                   A        B        C        D        E       F      G
               +--------+--------+--------+--------+--------+-----+--------+
         Total |    260 |    237 |     23 |     74 |    100 |   1 |  260.0 |
       Dungeon |    260 |    237 |     23 |     74 |    100 |   1 |  260.0 |
               +--------+--------+--------+--------+--------+-----+--------+

Top non-repeatable levels by time:
     D:1: 260 daAuts
